 Dungeon Crawl Stone Soup version 0.27.1-33-g824d729ab1 (webtiles) character file.

Game seed: 15754954214017783922

23979 vim the Blocker (level 13, -4/68 HPs)
             Began as a Vine Stalker Fighter on Dec 31, 2021.
             Was an Initiate of Ashenzari.
             Slain by an ice devil (16 damage)
             ... summoned by an orc high priest
             ... on level 2 of the Orcish Mines.
             The game lasted 01:03:03 (13146 turns).

vim the Blocker (Vine Stalker Fighter)             Turns: 13146, Time: 01:03:09

Health: -4/68      AC: 23    Str: 23      XL:     13   Next: 10%
Magic:  0/14       EV:  9    Int:  9 (12) God:    Ashenzari [......]
Gold:   1030       SH: 18    Dex: 15      Spells: 12/12 levels left

rFire    . . .     SeeInvis +   V - +3 demon trident (pain)
rCold    . . .     Faith    .   B - +0 tower shield
rNeg     + . .     Spirit   +   n - +5 scale mail of the Northern Lights {+Inv rN+ Int+4 SInv}
rPois    .         Reflect  .   q - +0 helmet
rElec    .         Harm     .   k - +0 cloak of the Enigmatic Doubts {Melee, Bglg} (curse)
rCorr    .         Rampage  .   (no gloves)
Will     +....                  E - +2 pair of boots
Stlth    +.........             (no amulet)
HPRegen  1.21/turn              C - ring of flight
MPRegen  0.14/turn              L - +4 ring of protection

@: flying
A: fangs 3, regeneration 1, magic shield, antimagic bite, no potion heal 2
a: Renounce Religion, Evoke Invisibility, Curse Item, Shatter the Chains


You were on level 2 of the Orcish Mines.
You worshipped Ashenzari.
Ashenzari was noncommittal.
You visited 3 branches of the dungeon, and saw 14 of its levels.
You also visited: Ossuary and Bailey.

You collected 1030 gold pieces.

Inventory:

Hand Weapons
 O - a +4 spear of freezing
 V - a +3 demon trident of pain (weapon)
Armour
 a - the +7 chain mail "Xuroz" {rCorr Str-3 Int+7}
   (You found it on level 9 of the Dungeon)

   Str:       It affects your strength (-3).
   Int:       It affects your intelligence (+7).
   rCorr:     It protects you from acid and corrosion.
 c - a +0 troll leather armour
 k - the cursed +0 cloak of the Enigmatic Doubts (worn) {Melee, Bglg}
   (You found it on level 1 of the Dungeon)

   It has a curse which improves the following skills: Melee Combat: Short
   Blades, Long Blades, Axes, Maces & Flails, Polearms, Staves and Unarmed
   Combat.
   Beguiling: Conjurations, Hexes and Translocations.
 n - the +5 scale mail of the Northern Lights (worn) {+Inv rN+ Int+4 SInv}
   (You found it on level 9 of the Dungeon)

   Int:       It affects your intelligence (+4).
   rN:        It protects you from negative energy.
   SInv:      It lets you see invisible.
   +Inv:      It lets you turn invisible.
 q - a +0 helmet (worn)
 B - a +0 tower shield (worn)
 E - a +2 pair of boots (worn)
Magical Staves
 z - a staff of poison
Jewellery
 b - a ring of magical power
 g - a ring of see invisible
 j - a ring of protection from cold
 w - a +4 ring of protection
 C - a ring of flight (left hand)
 L - a +4 ring of protection (right hand)
 Q - a ring of protection from cold
 S - an amulet of the acrobat
Wands
 s - a wand of polymorph (15)
 v - a wand of paralysis (3)
 F - a wand of digging (18)
 P - a wand of flame (43)
Scrolls
 f - 5 scrolls of fog
 h - 18 scrolls of identify
 r - a scroll of vulnerability
 u - a scroll of holy word
 x - a scroll of magic mapping
 y - a scroll of fear
 A - 3 scrolls of noise
 D - 9 scrolls of teleportation
 H - 3 scrolls of enchant weapon
 J - a scroll of amnesia
 N - a scroll of enchant armour
 R - a scroll of summoning
 T - 2 scrolls of brand weapon
Potions
 d - 7 potions of might
 e - 4 potions of curing
 i - a potion of lignification
 l - 2 potions of haste
 m - 2 potions of resistance
 o - 6 potions of degeneration
 p - 3 potions of flight
 t - 2 potions of ambrosia
 G - 2 potions of heal wounds
 I - 2 potions of attraction
 K - 2 potions of invisibility
 M - a potion of brilliance
 U - a potion of experience


   Skills:
 + Level 8.0 Fighting
 - Level 1.7(2.1) Short Blades
 * Level 10.7(11.1) Polearms
 + Level 9.1 Armour
 + Level 3.8 Dodging
 + Level 2.6 Stealth
 + Level 11.1 Shields
 + Level 0.4 Evocations


You had 12 spell levels left.
You didn't know any spells.
Your spell library contained the following spells:

 Spells                   Type           Power      Damage    Failure   Level
 Beastly Appendage        Tmut           0%         N/A       99%         1
 Foxfire                  Conj/Fire      0%         2x1d4     99%         1
 Sandblast                Erth           0%         2d4       99%         1
 Passwall                 Tmut/Erth      0%         N/A       100%        2
 Static Discharge         Conj/Air       0%         N/A       100%        2
 Wereblood                Tmut           0%         N/A       100%        2
 Conjure Flame            Conj/Fire      0%         6-21      100%        3
 Inner Flame              Hex/Fire       0%         N/A       100%        3
 Spider Form              Tmut/Pois      0%         N/A       100%        3
 Dispel Undead            Necr           0%         3d6       100%        4
 Olgreb's Toxic Radiance  Pois           0%         N/A       100%        4
 Sticky Flame             Conj/Fire      0%         2d3       100%        4
 Lee's Rapid Deconstruct  Erth           0%         3d5*      100%        5
 Ozocubu's Refrigeration  Ice            0%         4d5       100%        7
 Ignition                 Fire           0%         3d3       100%        8


Dungeon Overview and Level Annotations

Branches:
Dungeon (11/15)            Temple (1/1) D:5            Lair (0/6) D:8
    Orc (2/2) D:11        Ossuary (visited)          Bailey (visited)
    Elf: Orc:2

Altars:
Ashenzari
Cheibriados
Dithmenos
Elyvilon
Fedhas
Gozag
Hepliaklqana
Kikubaaqudgha
Makhleb
Nemelex Xobeh
Okawaru
Qazlal
Ru
Sif Muna
Trog
Uskayaw
Vehumet
Wu Jian
Xom
Yredelemnul
Zin
The Shining One
Beogh
Jiyva

Shops:
Orc:1 [


Innate Abilities, Weirdness & Mutations

You have razor-sharp teeth.
Your natural rate of healing is unusually fast.
When hurt, damage is shared between your health and your magic reserves.
Your bite disrupts and absorbs the magic of your enemies.
Potions cannot restore your health.


Message History

You hit the smoke demon but do no damage.
You bite the smoke demon, but do no damage.
The smoke demon is severely wounded.
The smoke demon gestures at you. The ball of steam hits you!!
Unknown command.
You impale the smoke demon!!
You kill the smoke demon!
The smoke demon disappears in a puff of smoke!
You are engulfed in a cloud of scalding steam.
Unknown command.
You puncture the neqoxec! You bite the neqoxec.
The neqoxec's magic leaks into the air.
You drain its magic.
The neqoxec is moderately wounded.
You are engulfed in a cloud of scalding steam.
* * * LOW HITPOINT WARNING * * *
The neqoxec disappears in a puff of smoke!
You hit the orc. You bite the orc.
You kill the orc!
You impale the orc high priest!!
The orc high priest is moderately wounded.
The orc high priest mumbles some strange prayers to Beogh.
Unknown command.
You puncture the orc high priest! You bite the orc high priest.
You drain its power.
You feel invigorated.
The orc high priest is heavily wounded.
You block the orc high priest's attack.
You hit the orc high priest but do no damage.
You bite the orc high priest. You drain its power.
You feel invigorated.
The orc high priest is heavily wounded.
The orc high priest utters an invocation to Beogh.
You block the red devil's attack.
Unknown command.
You puncture the orc high priest! Your bite misses the orc high priest.
The orc high priest is almost dead.
You block the orc high priest's attack. The red devil barely misses you.
The ice devil hits you!
* * * LOW HITPOINT WARNING * * *
The ice devil freezes you!!
You die...

#...o...8.8.....).### ##...
#####...oo3...##### ####
###########o###########
#....#...##[##...#....#
##'##.#...##)##...#.##'## ####
#...#.##'###4###'##.#...# ##≈#≈
#...#......).4o#....#...###P≈≈≈
#####....##[##o#....######...≈≈
#..#....#...#@#....#..##.#..≈#
#[.'....#)..#.4....'..####..##
#..####.#####.####.#..###...♣#
####.......[..#..#.#####.....#
#.####.....#..).####......#
#).⌠..#..#....'......#
#.....####.####.......
#.)........###........
#.####)#####.####.#........


You could see an orc high priest, 2 ice devils, a red devil (summoned) and an
orc priest.

Vanquished Creatures
  2 orc warlords
  Harold (D:9)
  A hydra (D:9)
  A death knight (D:11)
  6 two-headed ogres
  The ghost of Blackbelt the Skirmisher, a novice DsGl of Gozag (D:10)
  2 orc high priests (Orc:2)
  An orc knight (D:11)
  Pikel (D:6)
  An ugly thing (D:11)
  A cyclops (Orc:1)
  An unseen horror (D:11)
  A meliai (shapeshifter) (D:5)
  6 trolls
  A hornet (D:9)
  Grinder (D:3)
  4 slime creatures (D:10)
  Sigmund (D:3)
  A wraith (D:11)
  A wyvern (D:10)
  A vampire (D:10)
  5 yaks (D:11)
  A basilisk (D:11)
  2 vampire mosquitoes (D:11)
  A warg (D:11)
  2 water moccasins
  A hornet zombie (D:7)
  27 orc warriors
  A black bear (D:6)
  An ice beast (D:7)
  5 ogres
  A necrophage (D:5)
  3 centaurs
  4 lemures (D:6)
  A kobold brigand (D:7)
  4 bullfrogs
  A gnoll sergeant (D:8)
  3 scorpions
  A wyvern zombie (D:6)
  5 killer bees (D:8)
  3 wights (D:8)
  A howler monkey (D:10)
  4 crimson imps (D:5)
  A bullfrog zombie (D:6)
  3 centaur zombies
  6 jellies
  A centaur skeleton (D:6)
  2 gnoll shamans
  23 orc priests
  2 bullfrog skeletons
  Jessica (D:3)
  2 iguanas
  22 orc wizards
  13 mummies (Ossuary)
  Robin (D:3)
  3 howler monkey zombies
  20 gnolls
  4 adders
  2 white imps
  5 worms
  3 dart slugs
  101 orcs
  7 endoplasms
  12 hobgoblins
  4 quokkas
  8 ball pythons
  8 bats
  3 frilled lizards
  2 gnoll skeletons (Ossuary)
  25 goblins
  2 goblin skeletons (Ossuary)
  28 kobolds
  2 kobold skeletons (Ossuary)
  2 orc skeletons (Ossuary)
  2 rats
  11 rat skeletons (Ossuary)
444 creatures vanquished.

Vanquished Creatures (others)
  4 fungi (D:6)
  7 plants
11 creatures vanquished.

Grand Total: 455 creatures vanquished

Notes
Turn   | Place    | Note
-------+----------+-------------------------------------------
     0 | D:1      | vim the Vine Stalker Fighter began the quest for the Orb.
     0 | D:1      | Reached XP level 1. HP: 11/11 MP: 2/2
   329 | D:1      | Reached skill level 3 in Shields
   356 | D:1      | Reached XP level 2. HP: 11/16 MP: 3/3
  1341 | D:1      | Reached XP level 3. HP: 18/19 MP: 4/4
  1882 | D:2      | Gained mutation: Your natural rate of healing is unusually
                  | fast. [Vine Stalker growth]
  1882 | D:2      | Reached XP level 4. HP: 24/24 MP: 5/5
  1944 | D:2      | Found a faded altar of an unknown god.
  2152 | D:3      | Noticed Sigmund
  2178 | D:3      | Killed Sigmund
  2179 | D:3      | Reached skill level 4 in Shields
  2179 | D:3      | Reached XP level 5. HP: 23/28 MP: 4/6
  2179 | D:3      | Reached XP level 6. HP: 26/32 MP: 4/7
  2238 | D:3      | Found a radiant altar of Vehumet.
  2325 | D:3      | Noticed Jessica
  2333 | D:3      | Killed Jessica
  2343 | D:3      | Noticed Grinder
  2343 | D:3      | Paralysed by Grinder for 5 turns
  2376 | D:3      | Noticed Robin
  2379 | D:3      | Killed Grinder
  2380 | D:3      | Reached skill level 1 in Dodging
  2380 | D:3      | Reached skill level 1 in Stealth
  2380 | D:3      | Reached XP level 7. HP: 26/37 MP: 5/8
  2432 | D:3      | Killed Robin
  2730 | D:4      | You fall into a shaft and drop 1 floor!
  2730 | D:5      | Entered Level 5 of the Dungeon
  3050 | D:4      | Reached skill level 5 in Shields
  3427 | D:5      | Reached skill level 5 in Armour
  3526 | D:5      | Gained mutation: You have razor-sharp teeth. [Vine Stalker
                  | growth]
  3526 | D:5      | Reached XP level 8. HP: 41/42 MP: 9/9
  3565 | D:5      | Found a staircase to the Ecumenical Temple.
  3579 | D:5      | Found a shimmering altar of Xom.
  3593 | Temple   | Entered the Ecumenical Temple
  3691 | Temple   | Became a worshipper of Ashenzari the Shackled
  3817 | D:5      | Reached skill level 6 in Shields
  4261 | D:5      | Noticed a shapeshifter
  4261 | D:5      | a hound changed into a shapeshifter
  4261 | D:5      | Noticed a meliai
  4261 | D:5      | a shapeshifter changed into a meliai
  4267 | D:5      | Killed a meliai
  4307 | D:5      | Reached skill level 5 in Fighting
  4515 | D:6      | Found a burning altar of Makhleb.
  4546 | D:6      | Found a blossoming altar of Fedhas.
  4636 | D:6      | Reached skill level 7 in Shields
  4674 | D:6      | Reached XP level 9. HP: 47/47 MP: 10/10
  4749 | D:6      | Noticed Pikel
  4828 | D:6      | Killed Pikel
  5050 | D:6      | Found a bloodstained altar of Trog.
  5223 | D:6      | Found a sand-covered staircase.
  5244 | Ossuary  | Entered an ossuary
  5313 | Ossuary  | Reached skill level 8 in Shields
  6249 | D:7      | Found an ancient bone altar of Kikubaaqudgha.
  6343 | D:7      | Found an iron altar of Okawaru.
  6531 | D:7      | Reached XP level 10. HP: 53/53 MP: 11/11
  6896 | D:8      | Found an ornate altar of the Wu Jian Council.
  6955 | D:8      | Found a staircase to the Lair.
  7065 | D:8      | Reached skill level 9 in Shields
  7488 | D:8      | Reached skill level 1 in Polearms
  7585 | D:8      | Found an opulent altar of Gozag.
  7836 | D:9      | Noticed a +0 dagger
  7836 | D:9      | Noticed a +0 short sword
  7836 | D:9      | Noticed a +0 falchion
  7838 | D:9      | Noticed a +0 falchion
  7838 | D:9      | Noticed a +0 spear
  7838 | D:9      | Noticed a two-headed ogre
  7840 | D:9      | Noticed a +0 dagger
  7855 | D:9      | Killed a two-headed ogre
  7879 | D:9      | Noticed a +0 spear
  7881 | D:9      | Noticed a +0 short sword
  7890 | D:9      | Found a hide-covered altar of Uskayaw.
  7901 | D:9      | Noticed Harold
  8017 | D:9      | Killed Harold
  8094 | D:9      | Identified the +7 chain mail "Xuroz" {rCorr Str-3 Int+7}
  8096 | D:9      | Noticed a four-headed hydra
  8109 | D:9      | Killed a four-headed hydra
  8191 | D:9      | Found a stormy altar of Qazlal.
  8440 | D:9      | Found a glowing silver altar of Zin.
  8551 | D:9      | Reached XP level 11. HP: 43/58 MP: 8/12
  8634 | D:9      | Identified the +5 scale mail of the Northern Lights {+Inv
                  | rN+ Int+4 SInv}
  8807 | D:10     | Entered Level 10 of the Dungeon
  8811 | D:10     | Noticed a two-headed ogre
  8869 | D:9      | Killed a two-headed ogre
  8870 | D:9      | Reached skill level 5 in Polearms
  9542 | D:10     | Found a runed translucent gate.
  9542 | D:10     | Found a runed translucent gate.
  9542 | D:10     | Found a runed translucent gate.
  9544 | D:10     | Noticed Blackbelt's ghost (novice DsGl)
  9548 | D:10     | Found a viscous altar of Jiyva.
  9641 | D:10     | Killed Blackbelt's ghost
  9958 | D:11     | Noticed a death knight
  9963 | D:11     | Noticed a two-headed ogre
 10039 | D:10     | Killed a two-headed ogre
 10112 | D:11     | Killed a death knight
 10145 | D:11     | Noticed a red ugly thing
 10162 | D:11     | Killed a red ugly thing
 10319 | D:11     | Noticed a two-headed ogre
 10332 | D:11     | Killed a two-headed ogre
 10333 | D:11     | Reached skill level 10 in Shields
 10376 | D:11     | Reached XP level 12. HP: 63/63 MP: 13/13
 10491 | D:11     | Found a flagged portal.
 10500 | Bailey   | Entered a bailey
 10516 | Bailey   | Noticed an orc warlord
 10516 | Bailey   | Identified a scroll of acquirement
 10617 | Bailey   | Found a runed translucent gate.
 10620 | Bailey   | Found a runed translucent gate.
 10627 | Bailey   | Found a runed translucent gate.
 10804 | Bailey   | Killed an orc warlord
 10870 | Bailey   | Acquired a +3 demon trident of pain
 11172 | D:11     | Found a staircase to the Orcish Mines.
 11362 | Orc:1    | Entered Level 1 of the Orcish Mines
 11560 | Orc:1    | Found Vurin's Antique Armour Shoppe.
 11728 | Orc:2    | Entered Level 2 of the Orcish Mines
 12033 | Orc:2    | Noticed a two-headed ogre
 12119 | Orc:2    | Noticed a two-headed ogre
 12119 | Orc:2    | Noticed a two-headed ogre
 12119 | Orc:2    | Paralysed by an orc sorcerer for 5 turns
 12123 | Orc:2    | Noticed a soul eater
 12133 | Orc:2    | Noticed a soul eater
 12185 | Orc:2    | Noticed a two-headed ogre
 12193 | Orc:2    | Killed a two-headed ogre
 12517 | Orc:2    | Noticed an orc warlord
 12699 | Orc:1    | Killed an orc warlord
 12700 | Orc:1    | Reached skill level 10 in Polearms
 12773 | Orc:2    | Noticed a two-headed ogre
 12787 | Orc:2    | Killed a two-headed ogre
 12788 | Orc:2    | Reached skill level 11 in Shields
 12880 | Orc:2    | Noticed an orc high priest
 12897 | Orc:2    | Killed an orc high priest
 12898 | Orc:2    | Reached XP level 13. HP: 8/68 MP: 2/14
 13146 | Orc:2    | Slain by an ice devil

Illustrated notes

Levels and vault maps discovered:
D:1:      lemuel_arrival_cross, layout_basic
D:2:      layout_rooms, chequers_ecumenical_altar_simple_redux, feat_on_display
D:3:      layout_rooms, nicolae_vehumet_radiance, hex_medium, uniq_grinder,
          uniq_robin, uniq_sigmund, uniq_jessica
D:4:      layout_basic
D:5:      layout_cave_pods, led_xom_imps, temple_pool_b, kennysheep_small_circle
D:6:      black_bear_nest_1, layout_basic, lemuel_crystal_altar,
          mainiacjoe_overflow_small_starburst, fedhas_altar_3,
          chequers_ossuary_entry_cave, uniq_pikel
D:7:      layout_cave_pods, mainiacjoe_overflow_catch_the_wave
D:8:      layout_cave_pods, grunt_gozag_breadcrumbs,
          mainiacjoe_overflow_concentric_impassable, lair_entry_dummy
D:9:      layout_big_octagon, lemuel_tele_altar, nicolae_uskayaw_en_pointe,
          mainiacjoe_overflow_surrounded_room, serial_column_ruins,
          column_ruins_hut, column_ruins_columns_straight,
          column_ruins_columns_corner, column_ruins_grid_3,
          column_ruins_corridor_corner, column_ruins_open_small,
          column_ruins_open_large, uniq_harold
D:10:     layout_loops_cross, gammafunk_ghost_ooze, minivault_16,
          minmay_misc_feat_room
D:11:     layout_rooms, david_orc_4, enter_bailey_3, serial_bayou_pond_d
Temple:   eino_temple_lava
Orc:1:    minmay_goldmine, layout_caves, serial_shops, nicolae_shop_stone
Orc:2:    pubby_orc_utopia

Skill      XL: |  1  2  3  4  5  6  7  8  9 10 11 12 13 |
---------------+----------------------------------------+-----
Shields        | 3 4 5 7 8 9 10 11 | 11.1
Armour         | 3 4 5 6 7 8 9 |  9.1
Fighting       | 3 4 5 6 7 8 |  8.0
Dodging        | 1 2 3 |  3.8
Stealth        | 1 2 |  2.6
Polearms       | 4 8 10 | 10.7
Short Blades   | |  1.7
Evocations     | |  0.4

Action                   |  1- 3 |  4- 6 |  7- 9 | 10-12 | 13-15 || total
-------------------------+-------+-------+-------+-------+-------++-------
Melee: Rapier            |    62 |       |       |       |       ||    62
       Bite              |    24 |    33 |   212 |   439 |    37 ||   745
       Dagger            |    38 |   101 |   569 |    16 |       ||   724
       Spear             |       |       |       |   674 |       ||   674
       Demon trident     |       |       |       |   384 |    82 ||   466
Invok: Curse Item        |       |       |       |     1 |       ||     1
 Abil: Evoke Invisibilit |       |       |       |     1 |       ||     1
  Use: Scroll            |       |       |       |     2 |       ||     2
 Stab: Confused          |       |       |     3 |       |       ||     3
       Invisible         |       |       |       |     1 |       ||     1
Armor: Scale mail        |    14 |       |       |   358 |    19 ||   391
       Plate armour      |    49 |    60 |   280 |   136 |       ||   525
       Chain mail        |       |       |       |    40 |       ||    40
Dodge: Dodged            |    21 |     9 |    91 |   310 |    18 ||   449
Block: Kite shield       |    53 |    52 |   296 |   317 |       ||   718
       Tower shield      |       |       |       |   628 |    72 ||   700
